 Dungeon Crawl Stone Soup version 0.29.0-4-gdea44cf6ec (webtiles) character file.

Game seed: 3290026647253369552

896 Lochraine the Shooter (level 7, -1/61 HPs)
             Began as a Minotaur Hedge Wizard on Aug 27, 2022.
             Slain by an ogre
             ... wielding a +0 giant spiked club
              (24 damage)
             ... on level 4 of the Dungeon.
             The game lasted 00:15:15 (5120 turns).

Lochraine the Shooter (Minotaur Hedge Wizard)       Turns: 5120, Time: 00:15:16

Health: -1/61      AC: 12    Str: 16    XL:     7   Next: 78%
Magic:  9/9        EV: 11    Int: 11    God:
Gold:   244        SH:  0    Dex: 10    Spells: 9/10 levels left

rFire   . . .      SeeInvis .   a - +2 whip (flame)
rCold   . . .      Faith    .   (no shield)
rNeg    . . .      Spirit   .   j - +0 ring mail
rPois   .          Reflect  .   c - +0 hat
rElec   .          Harm     .   o - +2 cloak
rCorr   .          Rampage  .   (no gloves)
Will    .....                   (no boots)
Stlth   +.........              e - amulet of magic regeneration
HPRegen 0.20/turn               n - +4 ring of protection
MPRegen 0.51/turn               (no ring)

@: no status effects
A: horns 2, retaliatory headbutt
a: no special abilities


You were on level 4 of the Dungeon.
You visited 1 branch of the dungeon, and saw 5 of its levels.

You collected 244 gold pieces.

Inventory:

Hand Weapons
 a - a +2 whip of flaming (weapon)
 b - a +0 sling
 f - a +0 antimagic dagger
 h - a +0 short sword
 r - a +0 long sword
 D - a +0 dagger
Armour
 c - a +0 hat (worn)
 i - a +0 robe
 j - a +0 ring mail (worn)
 k - a +0 leather armour
 o - a +2 cloak (worn)
Jewellery
 e - an amulet of magic regeneration (around neck)
 l - an amulet of faith
 n - a +4 ring of protection (left hand)
Scrolls
 m - a scroll of silence {unknown}
 p - a scroll of enchant weapon {unknown}
 q - 2 scrolls of enchant armour
 t - a scroll of amnesia {unknown}
 v - 2 scrolls of noise {unknown}
 x - a scroll of brand weapon {unknown}
 y - a scroll of magic mapping {unknown}
 A - 3 scrolls of teleportation {unknown}
Potions
 d - 2 potions of magic
 g - 2 potions of curing
 s - 2 potions of mutation
 u - a potion of attraction
 w - a potion of haste {unknown}
 z - a potion of invisibility {unknown}
 B - a potion of degeneration {unknown}
 C - a potion of might {unknown}
 E - a potion of brilliance {unknown}


   Skills:
 * Level 5.2 Fighting
 - Level 0.1(0.2) Short Blades
 - Level 0.1(0.2) Long Blades
 + Level 6.9 Ranged Weapons
 + Level 3.4 Armour
 + Level 3.2 Dodging
 - Level 1.8 Stealth
 - Level 2.1 Spellcasting
 - Level 0.6 Conjurations
 - Level 0.6 Summonings
 - Level 0.6 Translocations


You had 9 spell levels left.
You knew the following spells:

 Your Spells              Type           Power      Damage    Failure   Level
a - Magic Dart            Conj           8%         1d3       38%         1

Your spell library contained the following spells:

 Spells                   Type           Power      Damage    Failure   Level
 Slow                     Hex            4%         N/A       47%         1
 Blink                    Tloc           4%         N/A       54%         2
 Call Imp                 Summ           2%         N/A       54%         2
 Conjure Flame            Conj/Fire      1%         6-21      80%         3
 Mephitic Cloud           Conj/Pois/Air  1%         N/A       83%         3
 Fireball                 Conj/Fire      0%         3d3       100%        5
 Iskenderun's Battlesphe  Conj           2%         2d6       100%        5
 Conjure Ball Lightning   Conj/Air       0%         3x3d6     100%        6
 Orb of Destruction       Conj           1%         9d5       100%        7


Dungeon Overview and Level Annotations

Branches:
Dungeon (5/15)
 Temple: D:4-7

Altars:

Shops:
D:4 :

Annotations:
D:3 1 runed translucent door, Crazy Yiuf
D:4 1 runed translucent door, Karim's ghost, novice GnEE


Innate Abilities, Weirdness & Mutations

You have a pair of horns on your head.
You reflexively headbutt those who attack you in melee.


Message History

You shoot a sling bullet. The goblin shouts!
The sling bullet hits the goblin.
You kill the goblin!
No target in view!
Found a hand axe.
You see here a +0 hand axe.
There is an escape hatch in the floor here.
There is a stone staircase leading up here.
Karim's ghost turns its malevolent gaze towards you.
Karim's ghost says, "A rolling stone gathers plenty of Lochraine."
Could not explore, unopened runed door.
Could not explore, unopened runed door.
Things that are here:
a +0 club; a +0 sling
There is a stone staircase leading down here.
You climb downwards.
The ogre closely misses you.
There is a stone staircase leading up here.
The ogre closely misses you.
You climb upwards.
Level annotation: 1 runed translucent door, Karim's ghost, novice GnEE
There is a stone staircase leading down here.
Your +2 whip of flaming bursts into flame!
a - a +2 whip of flaming (weapon)
You hit the ogre. You burn the ogre. You headbutt the ogre.
The ogre is moderately wounded.
The ogre closely misses you.
You hit the ogre. You burn the ogre.
The ogre is heavily wounded.
You hit the ogre. You burn the ogre.
The ogre is severely wounded.
The ogre hits you with a +0 giant spiked club!
You hit the ogre. You burn the ogre.
The ogre is severely wounded.
The ogre hits you with a +0 giant spiked club!!
You are too injured to fight recklessly!
You barely miss the ogre.
The ogre is severely wounded.
The ogre hits you with a +0 giant spiked club!!
You die...

..##.#.......##........#.###.[...
....#..###...#........##.###.#.)#
...##..###.(.................##.#
.......#........)................
....#....................<##..#))
....##...................####<##.
##..#.)..........................
<................................
)....##......###@.)..............
(...####.........O...............
##.####......##..................
#..#.#......###....###.#.#.......
.............###.........#.......
......#######....................
......#....$#..#........##.##....
......#?~~~~+......#....#........
......#.....#..#.#.##..##........


You could see an ogre.

Vanquished Creatures
  Pikel (D:4)
  Sigmund (D:3)
  4 lemures
  2 orc priests
  2 jellies (D:4)
  An iguana (D:4)
  Robin (D:3)
  An adder (D:2)
  An ufetubus (D:4)
  A worm (D:2)
  2 dart slugs
  8 orcs
  3 bats
  9 endoplasms
  2 giant cockroaches (D:1)
  18 goblins
  12 hobgoblins
  4 jackals
  3 quokkas
  7 ball pythons
  2 frilled lizards
  10 kobolds
  9 rats
104 creatures vanquished.

Notes
Turn   | Place    | Note
-------+----------+-------------------------------------------
     0 | D:1      | Lochraine the Minotaur Hedge Wizard began the quest for the
                  | Orb.
     0 | D:1      | Reached XP level 1. HP: 14/14 MP: 2/2
   142 | D:1      | Reached skill level 1 in Fighting
   437 | D:1      | Reached skill level 1 in Armour
   437 | D:1      | Reached XP level 2. HP: 22/23 MP: 4/4
  1319 | D:1      | Reached XP level 3. HP: 27/29 MP: 5/5
  2320 | D:2      | Reached skill level 1 in Ranged Weapons
  2373 | D:2      | Found a faded altar of an unknown god.
  2924 | D:3      | Noticed Sigmund
  2938 | D:3      | Reached XP level 4. HP: 36/36 MP: 6/6
  3015 | D:3      | Reached skill level 2 in Ranged Weapons
  3016 | D:3      | Noticed Robin
  3160 | D:3      | Killed Robin
  3239 | D:2      | Reached skill level 3 in Ranged Weapons
  3331 | D:3      | Reached XP level 5. HP: 40/42 MP: 7/7
  3503 | D:3      | Found a runed translucent door.
  3504 | D:3      | Noticed Crazy Yiuf
  3783 | D:4      | Noticed a lemure
  3991 | D:4      | Found a runed translucent door.
  3999 | D:4      | Noticed Pikel
  4028 | D:5      | Entered Level 5 of the Dungeon
  4037 | D:5      | Noticed an ogre
  4056 | D:4      | Noticed a lemure
  4059 | D:4      | Noticed a lemure
  4096 | D:4      | Noticed a lemure
  4133 | D:3      | Killed a lemure
  4137 | D:3      | Killed a lemure
  4316 | D:3      | Killed Sigmund
  4317 | D:3      | Reached skill level 5 in Ranged Weapons
  4317 | D:3      | Reached XP level 6. HP: 51/51 MP: 8/8
  4754 | D:4      | Killed Pikel
  4755 | D:4      | Reached skill level 5 in Fighting
  4755 | D:4      | Reached skill level 6 in Ranged Weapons
  4755 | D:4      | Reached XP level 7. HP: 48/61 MP: 9/9
  4940 | D:4      | Found Zupp's Tremendous Tomes.
  5100 | D:4      | Noticed Karim's ghost (novice GnEE)
  5120 | D:4      | Slain by an ogre

Illustrated notes

Levels and vault maps discovered:
D:1:      dpeg_arrival_line_fractal, layout_loops_ring
D:2:      layout_basic, hellmonk_ecumenical_altar_crossroads
D:3:      layout_rooms, uniq_crazy_yiuf_cottage, uniq_robin, uniq_sigmund
D:4:      layout_cave_pools, ebering_ghost_reflecting_pool,
          nicolae_shop_i_like_big_books, uniq_pikel
D:5:      cheibrodos_iron_armory, layout_cave_pools,
          minmay_temple_entry_from_below_a, uniq_menkaure

Skill      XL: |  1  2  3  4  5  6 |
---------------+-------------------+-----
Fighting       | 1 2 3 5 |  5.2
Armour         | 1 2 3 |  3.4
Ranged Weapons | 1 3 5 6 |  6.9
Dodging        | 3 |  3.2
Short Blades   | |  0.1
Long Blades    | |  0.1
Stealth        | |  1.8
Spellcasting   | |  2.1
Conjurations   | |  0.6
Summonings     | |  0.6
Translocations | |  0.6

Action                   |  1- 3 |  4- 6 |  7- 9 || total
-------------------------+-------+-------+-------++-------
Melee: Dagger            |    25 |       |       ||    25
       Headbutt          |    14 |     4 |     1 ||    19
       Punch             |     2 |       |       ||     2
       Short sword       |    49 |       |       ||    49
       Long sword        |       |    14 |       ||    14
       Whip              |       |       |     6 ||     6
 Fire: Sling             |   105 |   231 |     6 ||   342
  Use: Scroll            |       |     4 |       ||     4
       Potion            |       |     2 |       ||     2
Armor: Robe              |     6 |       |       ||     6
       Leather armour    |     6 |       |       ||     6
       Ring mail         |    21 |   100 |     2 ||   123
Dodge: Dodged            |    75 |   119 |     3 ||   197
